 Dungeon Crawl Stone Soup version 0.29.1-13-g9f3cf754e1 (webtiles) character file.

Game seed: 4317844278121746589

2 leafyfresh the Magician (level 1, 0/15 HPs)
             Began as a Djinni Air Elementalist on Jan 21, 2023.
             Slain by a goblin
             ... wielding a +0 club
              (3 damage)
             ... on level 1 of the Dungeon.
             The game lasted 00:00:21 (171 turns).

leafyfresh the Magician (Djinni Air Elementalist)    Turns: 171, Time: 00:00:22

Health: 0/15       AC:  6    Str:  7    XL:     1   Next: 44%
Gold:   0          EV: 11    Int: 16    God:
                   SH:  0    Dex: 13

rFire   + + .      SeeInvis .   (no weapon)
rCold   x . .      Faith    .   (no shield)
rNeg    . . .      Spirit   .   c - +3 leather armour
rPois   ∞          Reflect  .   (no helmet)
rElec   .          Harm     .   (no cloak)
rCorr   .          Rampage  .   (no gloves)
Will    .....                   (boots unavailable)
Stlth   ++........              (no amulet)
HPRegen 0.05/turn               (no ring)
MPRegen 0.00/turn               (no ring)

@: flying
A: sickness immunity, fire resistance 2, cold vulnerability 1, float, innate
caster, HP casting, extra vitality 1
a: no special abilities


You were on level 1 of the Dungeon.
You visited 1 branch of the dungeon, and saw 1 of its levels.

Inventory:

Armour
 a - a +0 robe
 c - a +3 leather armour (worn)
Potions
 b - a potion of brilliance {unknown}


   Skills:
 + Level 2.3 Dodging
 + Level 1.6 Stealth
 + Level 2.4 Spellcasting


You couldn't memorise any spells.
You knew the following spells:

 Your Spells              Type           Power      Damage    Failure   Level
a - Shock                 Conj/Air       36%        1d5       11%         1
b - Static Discharge      Conj/Air       9%         3-5/arc   17%         2
c - Swiftness             Air            9%         N/A       32%         3
d - Airstrike             Air            4%         2d(1-17)  73%         4
Your spell library was empty.

Dungeon Overview and Level Annotations

Branches:
Dungeon (1/15)

Altars:


Innate Abilities, Weirdness & Mutations

You are immune to sickness and miasma.
You are immune to poison.
Your flesh is very heat resistant. (rF++)
You are vulnerable to cold. (rC-)
You float through the air rather than walking.
You learn spells naturally, not from books.
Your magical power is your life essence.
You have superior vitality. (+4 MHP)


Message History

The zap hits the hobgoblin.
The hobgoblin is moderately wounded.
Sorry, you're not good enough to have a special ability.
Unknown command.
Casting: Shock (safe; 11% risk of failure)
Confirm with . or Enter, or press ? or * to list all spells.
Aiming: Shock (safe; 11% risk of failure)
Press: ? - help, Shift-Dir - straight line, f - goblin
Aim: a goblin, wielding a +0 club (60% to hit)
The zap hits the goblin.
The goblin is heavily wounded.
Casting: Shock (safe; 11% risk of failure)
Confirm with . or Enter, or press ? or * to list all spells.
Aiming: Shock (safe; 11% risk of failure)
Press: ? - help, Shift-Dir - straight line, f/p - goblin
Aim: a goblin, wielding a +0 club (heavily wounded, 60% to hit)
The zap misses the goblin.
The hobgoblin barely misses you. The goblin hits you with a +0 club.
Casting: Shock (safe; 11% risk of failure)
Confirm with . or Enter, or press ? or * to list all spells.
Aiming: Shock (safe; 11% risk of failure)
Press: ? - help, Shift-Dir - straight line, f/p - goblin
Aim: a goblin, wielding a +0 club (heavily wounded, 60% to hit)
The zap misses the goblin.
The goblin hits you with a +0 club. The hobgoblin hits you.
* * * LOW HITPOINT WARNING * * *
Casting: Shock (safe; 11% risk of failure)
Confirm with . or Enter, or press ? or * to list all spells.
Aiming: Shock (safe; 11% risk of failure)
Press: ? - help, Shift-Dir - straight line, f/p - goblin
Aim: a goblin, wielding a +0 club (heavily wounded, 60% to hit)
The zap hits the goblin.
The goblin is severely wounded.
* * * LOW HITPOINT WARNING * * *
The hobgoblin hits you but does no damage.
The goblin barely misses you. The goblin attacks as you move away!
The goblin hits you but does no damage.
Unknown command.
The goblin attacks as you move away! The goblin hits you with a +0 club.
You die...

.........# ##...#.
.......... .. #..####
.8.._..∩## ... #.##
#.[.....# #..####.# #
#.....[.## #......#####
###.#.#.#.##.#.#.#.#.#.##
.....?.lg.# #.#.#.#.#.#.#
#.#.#g#.##.#.≈≈≈≈≈.#.##
#.....@...#.#≈.<.≈#.#.#
##.#.#.#..#.#.≈...≈.#.##
..........#.#.#≈...≈#.#.#
.##.###..###.#.~~~~~.#.##
#.........#.#.#.#.#.#..
#####..#.#.#.#.#.#.#.##
.....#........##.###
#####.####........#
#......##.#####


You could see a hobgoblin, a goblin and a frilled lizard.

Vanquished Creatures
  A bat (D:1)
  A ball python (D:1)
  A frilled lizard (D:1)
3 creatures vanquished.

Notes
Turn   | Place    | Note
-------+----------+-------------------------------------------
     0 | D:1      | leafyfresh the Djinni Air Elementalist began the quest for
                  | the Orb.
     0 | D:1      | leafyfresh set off with the following spells memorised:
                  | Shock, Static Discharge, Swiftness, Airstrike.
     0 | D:1      | Reached XP level 1. HP: 15/15 MP: 0/0
   160 | D:1      | Found a faded altar of an unknown god.
   171 | D:1      | Slain by a goblin

Illustrated notes

Levels and vault maps discovered:
D:1:      ncdulo_watergridlock, layout_loops_corners,
          hellmonk_ecumenical_altar_arch_garden, serial_co_window_serial,
          co_window_corner_a, co_window_paths_a, co_window_paths_a,
          co_window_corner_a, co_window_cross_1, co_window_paths_c,
          co_window_broadway_c, co_window_corner_cb, co_window_sun,
          co_window_paths_e, glass_columns_b, glass_columns_b,
          chequers_serial_rivers_marsh, minivault_19

Action                   || total
-------------------------++-------
 Cast: Shock             ||     8
Armor: Leather armour    ||     2
Dodge: Dodged            ||     2
